 Dungeon Crawl Stone Soup version 0.20.1-1-g8b1a95d (webtiles) character file.

58 Irenicus the Insei (level 4, -5/31 HPs)
             Began as an Octopode Chaos Knight on Oct 17, 2017.
             Slain by Sigmund
             ... wielding a +0 scythe
              (14 damage)
             ... on level 3 of the Dungeon.
             The game lasted 00:02:59 (1539 turns).

Irenicus the Insei (Octopode Chaos Knight)          Turns: 1539, Time: 00:03:00

Health: -5/31      AC:  1    Str:  8 (11) XL:     4   Next: 2%
Magic:  4/4        EV: 19    Int: 11 (14) God:    Xom [.*....]
Gold:   51         SH:  0    Dex: 16 (17) Spells: 3/3 levels left

rFire    . . .     SeeInvis .     - Unarmed
rCold    . . .     Gourm    .   (no shield)
rNeg     . . .     Faith    .   (helmet restricted)
rPois    .         Spirit   .   (no amulet)
rElec    .         Reflect  .   (no ring)
rCorr    .         Harm     .   (no ring)
MR       .....                  (no ring)
Stlth    +++.......             (no ring)
Regen    0.1/turn               (no ring)
MPRegen  0.1/turn               (no ring)
                                (no ring)
                                (no ring)

@: agile
A: almost no armour, stealthy swim, amphibious, 8 rings, constrict 8, camouflage
1, gelatinous body 1
a: Renounce Religion


You were on level 3 of the Dungeon.
You worshipped Xom.
You were a plaything of Xom.
You were hungry.

You visited 1 branch of the dungeon, and saw 3 of its levels.

You collected 51 gold pieces.

Inventory:

Scrolls
 b - a scroll of blinking {unknown}
 c - a scroll of recharging {unknown}
 e - 2 scrolls of teleportation {unknown}
 f - a scroll of identify {unknown}
 i - a scroll of fog {unknown}
 j - a scroll of enchant armour {unknown}
Potions
 d - a potion of curing
 g - a potion of degeneration
 k - a potion of lignification {unknown}
Comestibles
 a - a bread ration


   Skills:
 - Level 3.0 Fighting
 - Level 2.3 Dodging
 + Level 4.7 Unarmed Combat


You had 3 spell levels left.
You didn't know any spells.

Dungeon Overview and Level Annotations

Branches:
Dungeon (3/15)

Altars:

Annotations:
D:3 Sigmund


Innate Abilities, Weirdness & Mutations

You cannot wear most types of armour.
You are very stealthy in the water. (Stealth+)
You are amphibious.
You can wear up to eight rings at the same time.
You can use your tentacles to constrict eight enemies at once.
Your skin changes colour to match your surroundings (Stealth+).
Your rubbery body absorbs attacks. (AC +1, EV +1)


Message History

You closely miss Sigmund. Your grab misses Sigmund.
Sigmund is lightly wounded.
It was a potion of curing.
You feel better.
Xom thinks this is hilarious!
Sigmund's eyes start glowing with a red light.
Sigmund casts a spell.
Sigmund flickers and vanishes!
Deactivating autopickup; reactivate with Ctrl-A.
You barely miss something. Something hits you!
You miss something. Something hits you!
* * * LOW HITPOINT WARNING * * *
A shower of butterflies erupts from you!
It was a potion of degeneration.
There was something very wrong with that liquid.
You feel weakened.
You feel dopey.
You feel clumsy.
Xom thinks this is hilarious!
It was a potion of agility.
You feel agile all of a sudden. Something hits you!
You die...

.....##..........
.....##..........
.....##..........
..######.....##..........
@...........# #..........
#.# #..........
#b#######..........
#b#.b..............
#{@bbb.............
###.######......... #.#
########## #.# # #.#
########## #.# #.........
#.# #.######## #.#
####.#.#.. .. #.#
#....#.... ..


There were no monsters in sight!

Vanquished Creatures
  2 oozes (D:3)
  A worm (D:1)
  2 dart slugs (D:1)
  An orc (D:3)
  3 giant cockroaches
  4 goblins
  8 hobgoblins
  4 kobolds
  2 quokkas (D:3)
  6 bats
  2 frilled lizards
  4 rats
39 creatures vanquished.

Notes
Turn   | Place    | Note
-------+----------+-------------------------------------------
     0 | D:1      | Irenicus the Octopode Chaos Knight began the quest for the Orb.
     0 | D:1      | Reached XP level 1. HP: 16/16 MP: 1/1
   207 | D:1      | Reached XP level 2. HP: 21/21 MP: 2/2
   293 | D:1      | XOM: silly message
   322 | D:1      | Reached skill level 4 in Unarmed Combat
   414 | D:1      | Reached XP level 3. HP: 24/26 MP: 3/3
   416 | D:1      | XOM: divination: magic mapping
   485 | D:1      | XOM: divination: detect creatures
  1082 | D:3      | XOM: harmless Ice miscast
  1304 | D:3      | XOM: noise
  1361 | D:3      | Reached XP level 4. HP: 25/31 MP: 4/4
  1521 | D:3      | Noticed Sigmund
  1537 | D:3      | XOM: butterfly on damage
  1539 | D:3      | Slain by Sigmund

Skill      XL: |  1  2 |
---------------+-------+-----
Unarmed Combat | 4 |  4.7
Fighting       | |  3.0
Dodging        | |  2.3

Action                   |  1- 3 |  4- 6 || total
-------------------------+-------+-------++-------
Melee: Unarmed           |    99 |     7 ||   106
       Constrict         |    25 |     1 ||    26
       Tentacles         |    14 |     1 ||    15
       Punch             |     5 |       ||     5
  Use: Potion            |       |     3 ||     3
 Stab: Sleeping          |     6 |       ||     6
  Eat: Chunk             |     1 |       ||     1
Armor: Skin              |     6 |     1 ||     7
Dodge: Dodged            |    65 |     1 ||    66
